Comets vs Thunderbirds

Created - July 20, 2022 at 22:51

Goals
1 2 3 OT1 T
Comets 2 0 1 1 4
Thunderbirds 1 1 1 0 3
Shots
1 2 3 OT1 T
Comets 13 20 4 1 38
Thunderbirds 10 11 14 4 39

1st period

1. Comets , Joshua Leivo 5 (William Lagesson 2, Andrej Nestrasil 2) at 1:48
2. Comets , Mackenzie MacEachern 2 (Juho Lammikko 2, Patrick Wey 6) at 9:59
3. Thunderbirds , Valentin Zykov 5 (Quinton Howden 4, Jerry D'Amigo 4) at 13:10 (PP)

Penalties :
Keaton Thompson (Spr) for Tripping (Minor) at 6:02, Oliver Kylington (Uti) for Boarding (Minor) at 12:54

2nd period

4. Thunderbirds , Quinton Howden 6 (Valentin Zykov 3, Griffin Reinhart 5) at 8:05

Penalties :
Quinton Howden (Spr) for Holding (Minor) at 4:24, Niklas Hansson (Spr) for High sticking (Minor) at 10:17, Mitchell Heard (Spr) for Hooking (Minor) at 13:10

3rd period

5. Comets , Mackenzie MacEachern 3 (Juho Lammikko 3, Nicolas Petan 5) at 9:01
6. Thunderbirds , Niklas Hansson 1 (Quinton Howden 5, Griffin Reinhart 6) at 15:35

Penalties :
Taylor Beck (Uti) for Hooking (Minor) at 18:03

Overtime #1

7. Comets , Joshua Leivo 6 (Andrej Nestrasil 3, Phil Di Giuseppe 6) at 3:41

Penalties :
William Lagesson (Uti) for Holding (Minor) at 1:04

Goalie Stats

Thatcher Demko (Uti), 36 saves from 39 shots - (0.923), W, 5-0-0, 63:41 minutes
Carter Hutton (Spr), 34 saves from 38 shots - (0.895), OTL, 2-1-2, 63:41 minutes

Players Stats for Comets

Player Name              G  A  P  +/- PIM S  H  SB GA TA FO     MP     PP MP  PK MP  
------------------------------------------------------------------------------------
Andrej Nestrasil         0  2  2   2  0   2  2  0  0  0  7/11   18:53   3:24   0:55 
Anton Karlsson           0  0  0   0  0   0  1  0  0  0  0/0     1:34   0:23   1:01 
Anton Zlobin             0  0  0   0  0   0  0  0  0  0  0/0     8:00   0:20   0:00 
Dan Renouf               0  0  0   0  0   1  0  0  0  0  0/0    21:05   3:00   1:21 
Dennis Everberg          0  0  0  -2  0   4  1  0  3  0  1/1    24:44   4:09   2:38 
Jordan Gross             0  0  0   0  0   0  1  0  0  0  0/0     3:15   0:00   0:00 
Joshua Leivo             2  0  2   2  0   2  4  0  1  0  0/0    18:22   3:24   0:24 
Juho Lammikko            0  2  2   2  0   1  2  1  0  0  0/0    11:13   0:00   0:00 
Juuso Riikola            0  0  0   1  0   3  1  1  0  0  0/0    27:58   4:56   2:53 
Kurtis Macdermid         0  0  0   0  0   0  3  0  0  0  0/0     7:48   0:00   0:11 
Mackenzie MacEachern     2  0  2   2  0   8  0  0  0  0  0/0    11:13   0:00   0:00 
Nathan Gerbe             0  0  0  -2  0   1  2  0  0  0  26/45  22:35   4:12   0:38 
Nicolas Petan            0  1  1   2  0   2  0  0  0  0  3/8    11:13   0:00   0:00 
Oliver Kylington         0  0  0   0  2   1  0  3  0  2  0/0    21:04   3:00   1:21 
Oskar Steen              0  0  0   0  0   0  0  0  0  0  0/0     0:00   0:00   0:00 
Patrick Wey              0  1  1   1  0   3  0  2  2  1  0/0    31:13   4:56   2:53 
Phil Di Giuseppe         0  1  1   2  0   4  1  1  0  1  0/0    17:58   3:24   0:00 
Rasmus Asplund           0  0  0   0  0   0  0  0  0  0  0/2     1:24   0:00   1:06 
Sami Niku                0  0  0   1  0   0  0  1  0  0  0/0    11:23   0:00   0:00 
Taylor Beck              0  0  0  -2  2   4  2  1  0  1  3/6    23:50   4:12   1:35 
Taylor Leier             0  0  0   0  0   0  0  0  0  0  0/0     0:00   0:00   0:00 
Thomas DiPauli           0  0  0   0  0   0  0  0  0  0  0/0     0:00   0:00   0:00 
Tyler Graovac            0  0  0   0  0   2  0  1  0  0  0/2     7:37   0:00   0:00 
William Lagesson         0  1  1   1  2   0  0  1  0  0  0/0    11:23   0:00   0:00 
William Lockwood         0  0  0   0  0   0  0  0  0  0  0/0     0:23   0:20   0:00 

Players Stats for Thunderbirds

Player Name              G  A  P  +/- PIM S  H  SB GA TA FO     MP     PP MP  PK MP  
------------------------------------------------------------------------------------
Elias Lindholm           0  0  0   0  0   0  1  0  1  0  10/18  17:37   1:42   2:44 
Griffin Reinhart         0  2  2   0  0   4  1  0  0  1  0/0    31:13   2:30   4:24 
Hudson Fasching          0  0  0  -3  0   1  1  0  0  0  0/0    13:18   0:00   2:16 
Jake Walman              0  0  0  -2  0   0  0  3  1  1  0/0    12:31   0:00   1:02 
Jerry D'Amigo            0  1  1   1  0   8  1  1  0  1  0/0    21:00   2:32   0:00 
John Draeger             0  0  0   0  0   0  0  3  0  2  0/0    22:46   1:44   5:19 
Keaton Thompson          0  0  0  -2  2   0  0  1  0  0  0/0    13:10   0:00   1:41 
Kirill Kaprizov          0  0  0   0  0   0  1  1  0  0  0/1    16:14   1:42   1:21 
Matt Puempel             0  0  0  -3  0   1  0  0  0  0  0/0    11:01   0:00   0:00 
Michal Jordan            0  0  0   0  0   2  1  2  1  0  0/0    18:02   1:44   0:02 
Mitchell Heard           0  0  0  -3  2   1  0  1  0  0  0/5    12:48   0:00   1:47 
Nicklas Jensen           0  0  0   0  0   0  0  0  0  0  0/0     8:13   0:00   0:00 
Niklas Hansson           1  0  1   0  2   3  0  3  0  1  0/0    30:16   2:30   3:24 
Quinton Howden           1  2  3   1  2   6  1  0  1  0  23/46  25:00   2:32   3:22 
Roberts Lipsbergs        0  0  0   0  0   1  1  1  0  0  1/1     8:13   0:00   0:00 
Tanner Laczynski         0  0  0   0  0   1  1  0  0  0  1/2     8:16   0:00   0:03 
Tom Kuhnhackl            0  0  0   0  0   2  4  1  1  0  0/0    19:46   1:42   4:19 
Valentin Zykov           1  1  2   1  0   9  1  1  0  0  0/2    21:00   2:32   0:00 

3 Stars

1 - Joshua Leivo (Uti)
2 - Mackenzie MacEachern (Uti)
3 - Juho Lammikko (Uti)

Power Play

Comets - 0 on 5 Attempt(s) - 0.00%
Thunderbirds - 1 on 2 Attempt(s) - 50.00%

Penalty Kill

Comets - 1 on 2 Attempt(s) - 50.00% - Score 0 goal in Penalty Kill
Thunderbirds - 5 on 5 Attempt(s) - 100.00% - Score 0 goal in Penalty Kill

Team Stat

Comets - Hits : 20 - Faceoff Wins : 40 - Blocked Shots : 12 - Penalty Minutes : 6
Thunderbirds - Hits : 14 - Faceoff Wins : 35 - Blocked Shots : 18 - Penalty Minutes : 8

Official

Referees : Michael Markovic and Francois St. Laurent
Linesman : David Brisebois and Kiel Murchison

Game Notes

10:12 of 2nd period - Penalty Shot by Tom Kuhnhackl for Thunderbirds - Shot Misses the Net

Finance

Level 1 -- Attendance: 2000 (100.00%) -- Ticket Income $70,000
Level 2 -- Attendance: 1000 (100.00%) -- Ticket Income $15,000
Total Attendance: 3000 (100.00%)
Total Ticket Income: $85,000
Other Income: $4,250
Total Income: $89,250

Comets

5 vs 5 Forward 
   Center                   Left Wing                Right Wing               Time % Phy DF OF 
 1 Nathan Gerbe             Taylor Beck              Dennis Everberg          40     1   2  2  
 2 Andrej Nestrasil         Phil Di Giuseppe         Joshua Leivo             30     1   2  2  
 3 Nicolas Petan            Mackenzie MacEachern     Juho Lammikko            20     1   2  2  
 4 Tyler Graovac            Kurtis Macdermid         Anton Zlobin             10     1   2  2  

5 vs 5 Defense 
   Defense                  Defense                                           Time % Phy DF OF 
 1 Patrick Wey              Juuso Riikola                                     40     1   2  2  
 2 Oliver Kylington         Dan Renouf                                        30     1   2  2  
 3 Sami Niku                William Lagesson                                  20     1   2  2  
 4 Jordan Gross             Patrick Wey                                       10     1   2  2  

PowerPlay Forward 
   Center                   Left Wing                Right Wing               Time % Phy DF OF 
 1 Nathan Gerbe             Taylor Beck              Dennis Everberg          60     1   2  2  
 2 Andrej Nestrasil         Phil Di Giuseppe         Joshua Leivo             40     1   2  2  

PowerPlay Defense
   Defense                  Defense                                           Time % Phy DF OF 
 1 Patrick Wey              Juuso Riikola                                     60     1   2  2  
 2 Oliver Kylington         Dan Renouf                                        40     1   2  2  

Penalty Kill 4 Players Forward 
   Center                   Wing                     Time % Phy DF OF 
 1 Taylor Beck              Dennis Everberg          60     1   2  2  
 2 Nathan Gerbe             Joshua Leivo             40     1   2  2  

Penalty Kill 4 Players Defense
   Defense                  Defense                  Time % Phy DF OF 
 1 Patrick Wey              Juuso Riikola            60     1   2  2  
 2 Oliver Kylington         Dan Renouf               40     1   2  2  

Penalty Kill - 3 Players Forward 
   Forward                                           Time % Phy DF OF 
 1 Taylor Beck                                       60     1   2  2  
 2 Dennis Everberg                                   40     1   2  2  

Penalty Kill - 3 Players Defense
   Defense                  Defense                  Time % Phy DF OF 
 1 Patrick Wey              Juuso Riikola            60     1   2  2  
 2 Oliver Kylington         Dan Renouf               40     1   2  2  

4 vs 4 Forward 
   Center                   Wing                     Time % Phy DF OF 
 1 Taylor Beck              Dennis Everberg          60     1   2  2  
 2 Nathan Gerbe             Joshua Leivo             40     1   2  2  

4 vs 4 Defense
   Defense                  Defense                  Time % Phy DF OF 
 1 Patrick Wey              Juuso Riikola            60     1   2  2  
 2 Oliver Kylington         Dan Renouf               40     1   2  2  

Last Minutes Offensive
   Center                   Left Wing                Right Wing               Defense                  Defense                  
   Nathan Gerbe             Taylor Beck              Dennis Everberg          Patrick Wey              Juuso Riikola            

Last Minutes Defensive
   Center                   Left Wing                Right Wing               Defense                  Defense                  
   Nathan Gerbe             Taylor Beck              Dennis Everberg          Patrick Wey              Juuso Riikola            

Goaltenders
Starting : Thatcher Demko           
Backup : Marek Langhamer          

Extra Forwards
Normal : Anton Karlsson, William Lockwood, Rasmus Asplund - PP : Anton Karlsson, William Lockwood - PK : Rasmus Asplund
Extra Defensemen
Normal : Sami Niku, William Lagesson, Jordan Gross - PP : Sami Niku - PK : William Lagesson, Jordan Gross
Penalty Shots
Taylor Beck, Dennis Everberg, Nathan Gerbe, Joshua Leivo, Andrej Nestrasil

Scratches
Jeremy Roy (Healthy), Dmitry Sokolov (Healthy)

Thunderbirds

5 vs 5 Forward 
   Center                   Left Wing                Right Wing               Time % Phy DF OF 
 1 Quinton Howden           Valentin Zykov           Jerry D'Amigo            40     0   2  3  
 2 Elias Lindholm           Kirill Kaprizov          Tom Kuhnhackl            30     0   2  3  
 3 Mitchell Heard           Matt Puempel             Hudson Fasching          20     1   2  2  
 4 Tanner Laczynski         Roberts Lipsbergs        Nicklas Jensen           10     0   2  3  

5 vs 5 Defense 
   Defense                  Defense                                           Time % Phy DF OF 
 1 Griffin Reinhart         Niklas Hansson                                    40     0   2  3  
 2 Michal Jordan            John Draeger                                      30     0   2  3  
 3 Keaton Thompson          Jake Walman                                       20     1   2  2  
 4 Griffin Reinhart         Niklas Hansson                                    10     0   2  3  

PowerPlay Forward 
   Center                   Left Wing                Right Wing               Time % Phy DF OF 
 1 Quinton Howden           Valentin Zykov           Jerry D'Amigo            60     0   1  4  
 2 Elias Lindholm           Kirill Kaprizov          Tom Kuhnhackl            40     0   1  4  

PowerPlay Defense
   Defense                  Defense                                           Time % Phy DF OF 
 1 Griffin Reinhart         Niklas Hansson                                    60     0   2  3  
 2 Michal Jordan            John Draeger                                      40     0   2  3  

Penalty Kill 4 Players Forward 
   Center                   Wing                     Time % Phy DF OF 
 1 Quinton Howden           Tom Kuhnhackl            60     1   3  1  
 2 Mitchell Heard           Hudson Fasching          40     1   3  1  

Penalty Kill 4 Players Defense
   Defense                  Defense                  Time % Phy DF OF 
 1 Niklas Hansson           John Draeger             60     1   4  0  
 2 Griffin Reinhart         Keaton Thompson          40     1   4  0  

Penalty Kill - 3 Players Forward 
   Forward                                           Time % Phy DF OF 
 1 Quinton Howden                                    60     1   3  1  
 2 Mitchell Heard                                    40     1   3  1  

Penalty Kill - 3 Players Defense
   Defense                  Defense                  Time % Phy DF OF 
 1 Niklas Hansson           John Draeger             60     1   4  0  
 2 Griffin Reinhart         Keaton Thompson          40     1   4  0  

4 vs 4 Forward 
   Center                   Wing                     Time % Phy DF OF 
 1 Quinton Howden           Valentin Zykov           60     0   2  3  
 2 Elias Lindholm           Kirill Kaprizov          40     0   2  3  

4 vs 4 Defense
   Defense                  Defense                  Time % Phy DF OF 
 1 Griffin Reinhart         Niklas Hansson           60     0   2  3  
 2 Michal Jordan            John Draeger             40     0   2  3  

Last Minutes Offensive
   Center                   Left Wing                Right Wing               Defense                  Defense                  
   Quinton Howden           Kirill Kaprizov          Jerry D'Amigo            Griffin Reinhart         Niklas Hansson           

Last Minutes Defensive
   Center                   Left Wing                Right Wing               Defense                  Defense                  
   Quinton Howden           Kirill Kaprizov          Tom Kuhnhackl            Niklas Hansson           John Draeger             

Goaltenders
Starting : Carter Hutton            
Backup : Igor Bobkov              

Extra Forwards
Normal : Elias Lindholm, Kirill Kaprizov, Quinton Howden - PP : Elias Lindholm, Kirill Kaprizov - PK : Elias Lindholm
Extra Defensemen
Normal : Michal Jordan, Niklas Hansson, Griffin Reinhart - PP : Keaton Thompson - PK : Griffin Reinhart, Niklas Hansson
Penalty Shots
Tanner Laczynski, Tom Kuhnhackl, Quinton Howden, Elias Lindholm, Kirill Kaprizov

Scratches
Austin Poganski (Healthy), Connor Honey (Healthy), Dmytro Timashov (Healthy), Kyle Platzer (Healthy), Lukas Vejdemo (Healthy)
Michael McCarron (Healthy), Nelson Nogier (Healthy), Nick Merkley (Healthy), Viktor Baldayev (Separated Right Shoulder Injury), Calvin Thurkauf (Healthy)
Artur Kayumov (Healthy), Niklas Treutle (Healthy), Artyom Zagidulin (Healthy)

% Time on Ice - Comets

Lines # - Real PCT - Wanted PCT - Time Play
Normal Forward
1 - 35% - 40% - 18:07
2 - 28% - 30% - 14:34
3 - 22% - 20% - 11:13
4 - 15% - 10% - 7:37
Normal Defense
1 - 39% - 40% - 20:09
2 - 32% - 30% - 16:44
3 - 22% - 20% - 11:23
4 - 6% - 10% - 3:15
PP Forward
1 - 57% - 60% - 4:32
2 - 43% - 40% - 3:24
PP Defense
1 - 62% - 60% - 4:56
2 - 38% - 40% - 3:00
PK Forward
1 - 91% - 60% - 3:50
2 - 9% - 40% - 0:24
PK Defense
1 - 68% - 60% - 2:53
2 - 32% - 40% - 1:21
PK3 Forward
1 - 0% - 60%
2 - 0% - 40%
PK3 Defense
1 - 0% - 60%
2 - 0% - 40%
44 Forward
1 - 0% - 60%
2 - 0% - 40%
44 Defense
1 - 0% - 60%
2 - 0% - 40%
Last Minute Offensive  - 0:00
Last Minute Defensive  - 0:00
Total
Forward - 63:41
Defense - 63:41

% Time on Ice - Thunderbirds

Lines # - Real PCT - Wanted PCT - Time Play
Normal Forward
1 - 37% - 40% - 19:07
2 - 26% - 30% - 13:10
3 - 21% - 20% - 11:01
4 - 16% - 10% - 8:13
Normal Defense
1 - 42% - 40% - 21:29
2 - 32% - 30% - 16:16
3 - 21% - 20% - 10:52
4 - 6% - 10% - 2:54
PP Forward
1 - 60% - 60% - 2:32
2 - 40% - 40% - 1:42
PP Defense
1 - 59% - 60% - 2:30
2 - 41% - 40% - 1:44
PK Forward
1 - 71% - 60% - 5:40
2 - 29% - 40% - 2:16
PK Defense
1 - 68% - 60% - 5:23
2 - 32% - 40% - 2:33
PK3 Forward
1 - 0% - 60%
2 - 0% - 40%
PK3 Defense
1 - 0% - 60%
2 - 0% - 40%
44 Forward
1 - 0% - 60%
2 - 0% - 40%
44 Defense
1 - 0% - 60%
2 - 0% - 40%
Last Minute Offensive  - 0:00
Last Minute Defensive  - 0:00
Total
Forward - 63:41
Defense - 63:41

Play-by-Play

1st period


0:01 of 1st period - Quinton Howden wins face-off versus Nathan Gerbe in neutral zone.
0:25 of 1st period - Griffin Reinhart is hit by Joshua Leivo and loses puck.
1:07 of 1st period - Joshua Leivo is hit by Hudson Fasching and loses puck.
1:14 of 1st period - Snap shot by Mitchell Heard.
1:14 of 1st period - Stopped by Thatcher Demko with a rebound.
1:38 of 1st period - Slapshot by Joshua Leivo.
1:38 of 1st period - Shot Misses the Net.
1:40 of 1st period - Slapshot by William Lagesson.
1:40 of 1st period - Shot Blocked by Niklas Hansson.
1:42 of 1st period - Snap shot by Joshua Leivo.
1:42 of 1st period - Shot Blocked by Niklas Hansson.
1:44 of 1st period - Slapshot by William Lagesson.
1:44 of 1st period - Shot Misses the Net.
1:48 of 1st period - Slapshot by Joshua Leivo.
1:48 of 1st period - Goal by Joshua Leivo - Comets : 1 - Thunderbirds : 0.
1:49 of 1st period - Nathan Gerbe wins face-off versus Quinton Howden in neutral zone.
2:23 of 1st period - Patrick Wey is hit by Kirill Kaprizov and loses puck.
3:17 of 1st period - Keaton Thompson is hit by Juho Lammikko and loses puck.
4:25 of 1st period - Wrist shot by Elias Lindholm.
4:25 of 1st period - Shot Misses the Net.
4:44 of 1st period - Slapshot by Anton Zlobin.
4:44 of 1st period - Deflect By Tyler Graovac.
4:44 of 1st period - Stopped by Carter Hutton with a rebound.
4:46 of 1st period - Slapshot by Sami Niku.
4:46 of 1st period - Deflect By Tyler Graovac.
4:46 of 1st period - Stopped by Carter Hutton with a rebound.
4:56 of 1st period - Patrick Wey is hit by Roberts Lipsbergs and loses puck.
5:18 of 1st period - Snap shot by Mackenzie MacEachern.
5:18 of 1st period - Stopped by Carter Hutton with a rebound.
5:28 of 1st period - Wrist shot by Quinton Howden.
5:28 of 1st period - Stopped by Thatcher Demko with a rebound.
6:00 of 1st period - Snap shot by Andrej Nestrasil.
6:00 of 1st period - Shot Blocked by Mitchell Heard.
6:02 of 1st period - Minor Penalty to Keaton Thompson for Tripping.
6:03 of 1st period - Nathan Gerbe wins face-off versus Quinton Howden in Thunderbirds zone.
7:46 of 1st period - Phil Di Giuseppe is hit by Tom Kuhnhackl and loses puck.
8:02 of 1st period - Penalty to Keaton Thompson is over, Keaton Thompson is back on ice.
9:00 of 1st period - Kirill Kaprizov is hit by Kurtis Macdermid and loses puck.
9:36 of 1st period - Snap shot by Mackenzie MacEachern.
9:36 of 1st period - Deflect By Juho Lammikko.
9:36 of 1st period - Shot Misses the Net.
9:36 of 1st period - Puck is out of play.
9:37 of 1st period - Nicolas Petan wins face-off versus Tanner Laczynski in Thunderbirds zone.
9:38 of 1st period - Snap shot by Mackenzie MacEachern.
9:38 of 1st period - Stopped by Carter Hutton without a rebound.
9:39 of 1st period - Quinton Howden wins face-off versus Nicolas Petan in Thunderbirds zone.
9:59 of 1st period - Wrist shot by Mackenzie MacEachern.
9:59 of 1st period - Goal by Mackenzie MacEachern - Comets : 2 - Thunderbirds : 0.
10:00 of 1st period - Quinton Howden wins face-off versus Nathan Gerbe in neutral zone.
10:52 of 1st period - Snap shot by Mitchell Heard.
10:52 of 1st period - Shot Blocked by Oliver Kylington.
10:54 of 1st period - Snap shot by John Draeger.
10:54 of 1st period - Shot Misses the Net.
10:56 of 1st period - Wrist shot by Hudson Fasching.
10:56 of 1st period - Stopped by Thatcher Demko without a rebound.
10:57 of 1st period - Nathan Gerbe wins face-off versus Quinton Howden in Comets zone.
11:02 of 1st period - Slapshot by Quinton Howden.
11:02 of 1st period - Stopped by Thatcher Demko with a rebound.
11:22 of 1st period - John Draeger is hit by Juuso Riikola and loses puck.
11:53 of 1st period - Snap shot by Mackenzie MacEachern.
11:53 of 1st period - Stopped by Carter Hutton with a rebound.
12:12 of 1st period - Dennis Everberg is hit by Quinton Howden and loses puck.
12:25 of 1st period - Niklas Hansson is hit by Kurtis Macdermid and loses puck.
12:46 of 1st period - Michal Jordan is hit by Andrej Nestrasil and loses puck.
12:54 of 1st period - Minor Penalty to Oliver Kylington for Boarding.
12:55 of 1st period - Quinton Howden wins face-off versus Taylor Beck in Comets zone.
13:10 of 1st period - Wrist shot by Valentin Zykov.
13:10 of 1st period - Goal by Valentin Zykov - Comets : 2 - Thunderbirds : 1.
13:11 of 1st period - Nathan Gerbe wins face-off versus Quinton Howden in neutral zone.
13:14 of 1st period - Slapshot by Dennis Everberg.
13:14 of 1st period - Stopped by Carter Hutton without a rebound.
13:15 of 1st period - Quinton Howden wins face-off versus Nathan Gerbe in Thunderbirds zone.
13:15 of 1st period - Quinton Howden is hit by Nathan Gerbe.
14:07 of 1st period - Slapshot by Mackenzie MacEachern.
14:07 of 1st period - Stopped by Carter Hutton with a rebound.
14:58 of 1st period - Dennis Everberg is hit by Michal Jordan and loses puck.
15:28 of 1st period - Snap shot by Nicolas Petan.
15:28 of 1st period - Shot Misses the Net.
16:10 of 1st period - Kirill Kaprizov is hit by Dennis Everberg and loses puck.
16:31 of 1st period - Icing by Elias Lindholm.
16:32 of 1st period - Andrej Nestrasil wins face-off versus Elias Lindholm in Thunderbirds zone.
16:37 of 1st period - Snap shot by Phil Di Giuseppe.
16:37 of 1st period - Shot Blocked by Michal Jordan.
16:59 of 1st period - Snap shot by Jerry D'Amigo.
16:59 of 1st period - Stopped by Thatcher Demko with a rebound.
17:01 of 1st period - Wrist shot by Jerry D'Amigo.
17:01 of 1st period - Shot Misses the Net.
17:03 of 1st period - Snap shot by Jerry D'Amigo.
17:03 of 1st period - Stopped by Thatcher Demko with a rebound.
17:05 of 1st period - Slapshot by John Draeger.
17:05 of 1st period - Shot Blocked by Taylor Beck.
17:07 of 1st period - Snap shot by Valentin Zykov.
17:07 of 1st period - Shot Blocked by Patrick Wey.
17:17 of 1st period - Snap shot by Nicolas Petan.
17:17 of 1st period - Stopped by Carter Hutton without a rebound.
17:18 of 1st period - Nicolas Petan wins face-off versus Mitchell Heard in Thunderbirds zone.
17:45 of 1st period - Backhand shot by Quinton Howden.
17:45 of 1st period - Shot Blocked by Sami Niku.
17:47 of 1st period - Snap shot by Jerry D'Amigo.
17:47 of 1st period - Shot Misses the Net.
17:49 of 1st period - Slapshot by Niklas Hansson.
17:49 of 1st period - Stopped by Thatcher Demko with a rebound.
17:51 of 1st period - Wrist shot by Jerry D'Amigo.
17:51 of 1st period - Stopped by Thatcher Demko without a rebound.
17:52 of 1st period - Quinton Howden wins face-off versus Nathan Gerbe in Comets zone.
18:21 of 1st period - Off-side.
18:22 of 1st period - Elias Lindholm wins face-off versus Nicolas Petan in neutral zone.
18:27 of 1st period - Slapshot by Griffin Reinhart.
18:27 of 1st period - Stopped by Thatcher Demko without a rebound.
18:28 of 1st period - Nathan Gerbe wins face-off versus Elias Lindholm in Comets zone.
19:09 of 1st period - Wrist shot by Taylor Beck.
19:09 of 1st period - Shot Misses the Net.
19:11 of 1st period - Snap shot by Taylor Beck.
19:11 of 1st period - Stopped by Carter Hutton with a rebound.
19:17 of 1st period - Snap shot by Dennis Everberg.
19:17 of 1st period - Shot Blocked by Jake Walman.
19:19 of 1st period - Snap shot by Dennis Everberg.
19:19 of 1st period - Deflect By Taylor Beck.
19:19 of 1st period - Shot Blocked by Jake Walman.
19:19 of 1st period - Puck is out of play.
19:20 of 1st period - Andrej Nestrasil wins face-off versus Quinton Howden in Thunderbirds zone.
19:25 of 1st period - Wrist shot by Phil Di Giuseppe.
19:25 of 1st period - Stopped by Carter Hutton without a rebound.
19:26 of 1st period - Andrej Nestrasil wins face-off versus Quinton Howden in Thunderbirds zone.
19:29 of 1st period - Snap shot by Phil Di Giuseppe.
19:29 of 1st period - Shot Blocked by Jerry D'Amigo.
19:31 of 1st period - Slapshot by Patrick Wey.
19:31 of 1st period - Shot Misses the Net.
19:33 of 1st period - Snap shot by Phil Di Giuseppe.
19:33 of 1st period - Stopped by Carter Hutton without a rebound.
19:34 of 1st period - Quinton Howden wins face-off versus Andrej Nestrasil in Thunderbirds zone.
19:49 of 1st period - Wrist shot by Phil Di Giuseppe.
19:49 of 1st period - Shot Misses the Net.
Goals for this period are 2 for Comets vs 1 for Thunderbirds.
Shots for this period are 13 for Comets vs 10 for Thunderbirds.

2nd period


0:01 of 2nd period - Nathan Gerbe wins face-off versus Quinton Howden in neutral zone.
0:07 of 2nd period - Icing by Niklas Hansson.
0:08 of 2nd period - Nathan Gerbe wins face-off versus Quinton Howden in Thunderbirds zone.
0:15 of 2nd period - Snap shot by Taylor Beck.
0:15 of 2nd period - Stopped by Carter Hutton without a rebound.
0:16 of 2nd period - Nathan Gerbe wins face-off versus Valentin Zykov in Thunderbirds zone.
0:41 of 2nd period - Andrej Nestrasil is hit by Elias Lindholm and loses puck.
1:52 of 2nd period - Juho Lammikko is hit by Jerry D'Amigo and loses puck.
1:59 of 2nd period - Wrist shot by Quinton Howden.
1:59 of 2nd period - Deflect By Jerry D'Amigo.
1:59 of 2nd period - Shot Misses the Net.
1:59 of 2nd period - Puck is out of play.
2:00 of 2nd period - Quinton Howden wins face-off versus Nathan Gerbe in Comets zone.
2:01 of 2nd period - Snap shot by Valentin Zykov.
2:01 of 2nd period - Stopped by Thatcher Demko without a rebound.
2:02 of 2nd period - Quinton Howden wins face-off versus Nathan Gerbe in Comets zone.
2:36 of 2nd period - Wrist shot by Quinton Howden.
2:36 of 2nd period - Shot Misses the Net.
2:42 of 2nd period - Snap shot by Valentin Zykov.
2:42 of 2nd period - Shot Misses the Net.
2:44 of 2nd period - Wrist shot by Quinton Howden.
2:44 of 2nd period - Stopped by Thatcher Demko without a rebound.
2:45 of 2nd period - Nathan Gerbe wins face-off versus Elias Lindholm in Comets zone.
2:45 of 2nd period - Nathan Gerbe is hit by Tom Kuhnhackl.
3:15 of 2nd period - Keaton Thompson is hit by Joshua Leivo and loses puck.
3:51 of 2nd period - Off-side.
3:52 of 2nd period - Quinton Howden wins face-off versus Tyler Graovac in neutral zone.
4:02 of 2nd period - Snap shot by Patrick Wey.
4:02 of 2nd period - Stopped by Carter Hutton without a rebound.
4:03 of 2nd period - Nathan Gerbe wins face-off versus Quinton Howden in Thunderbirds zone.
4:04 of 2nd period - Slapshot by Dennis Everberg.
4:04 of 2nd period - Shot Misses the Net.
4:06 of 2nd period - Snap shot by Juuso Riikola.
4:06 of 2nd period - Stopped by Carter Hutton with a rebound.
4:08 of 2nd period - Slapshot by Nathan Gerbe.
4:08 of 2nd period - Shot Misses the Net.
4:24 of 2nd period - Minor Penalty to Quinton Howden for Holding.
4:25 of 2nd period - Nathan Gerbe wins face-off versus Elias Lindholm in Thunderbirds zone.
4:30 of 2nd period - Snap shot by Nathan Gerbe.
4:30 of 2nd period - Shot Blocked by John Draeger.
4:32 of 2nd period - Slapshot by Juuso Riikola.
4:32 of 2nd period - Stopped by Carter Hutton without a rebound.
4:33 of 2nd period - Elias Lindholm wins face-off versus Nathan Gerbe in Thunderbirds zone.
4:46 of 2nd period - Snap shot by Dennis Everberg.
4:46 of 2nd period - Stopped by Carter Hutton without a rebound.
4:47 of 2nd period - Elias Lindholm wins face-off versus Nathan Gerbe in Thunderbirds zone.
4:58 of 2nd period - Snap shot by Nathan Gerbe.
4:58 of 2nd period - Stopped by Carter Hutton with a rebound.
5:00 of 2nd period - Snap shot by Nathan Gerbe.
5:00 of 2nd period - Shot Misses the Net.
5:02 of 2nd period - Slapshot by Juuso Riikola.
5:02 of 2nd period - Shot Blocked by John Draeger.
6:24 of 2nd period - Penalty to Quinton Howden is over, Quinton Howden is back on ice.
6:25 of 2nd period - Icing by Elias Lindholm.
6:26 of 2nd period - Quinton Howden wins face-off versus Andrej Nestrasil in Thunderbirds zone.
6:33 of 2nd period - Snap shot by Quinton Howden.
6:33 of 2nd period - Shot Blocked by Juho Lammikko.
6:35 of 2nd period - Wrist shot by Keaton Thompson.
6:35 of 2nd period - Shot Misses the Net.
6:37 of 2nd period - Snap shot by Jake Walman.
6:37 of 2nd period - Deflect By Quinton Howden.
6:37 of 2nd period - Stopped by Thatcher Demko with a rebound.
6:39 of 2nd period - Snap shot by Valentin Zykov.
6:39 of 2nd period - Stopped by Thatcher Demko with a rebound.
6:59 of 2nd period - Slapshot by Patrick Wey.
6:59 of 2nd period - Stopped by Carter Hutton with a rebound.
7:11 of 2nd period - Niklas Hansson is hit by Nathan Gerbe and loses puck.
7:20 of 2nd period - Wrist shot by Hudson Fasching.
7:20 of 2nd period - Deflect By Matt Puempel.
7:20 of 2nd period - Stopped by Thatcher Demko with a rebound.
7:30 of 2nd period - Wrist shot by Juuso Riikola.
7:30 of 2nd period - Deflect By Phil Di Giuseppe.
7:30 of 2nd period - Stopped by Carter Hutton with a rebound.
7:36 of 2nd period - Wrist shot by Andrej Nestrasil.
7:36 of 2nd period - Stopped by Carter Hutton without a rebound.
7:37 of 2nd period - Elias Lindholm wins face-off versus Andrej Nestrasil in Thunderbirds zone.
7:42 of 2nd period - Andrej Nestrasil is hit by Tom Kuhnhackl and loses puck.
7:51 of 2nd period - Wrist shot by Tom Kuhnhackl.
7:51 of 2nd period - Deflect By Phil Di Giuseppe.
7:51 of 2nd period - Shot Blocked by Oliver Kylington.
7:51 of 2nd period - Puck is out of play.
7:52 of 2nd period - Nathan Gerbe wins face-off versus Quinton Howden in Comets zone.
8:05 of 2nd period - Snap shot by Quinton Howden.
8:05 of 2nd period - Goal by Quinton Howden - Comets : 2 - Thunderbirds : 2.
8:06 of 2nd period - Nathan Gerbe wins face-off versus Quinton Howden in neutral zone.
8:13 of 2nd period - Snap shot by Nathan Gerbe.
8:13 of 2nd period - Deflect By Dennis Everberg.
8:13 of 2nd period - Shot Misses the Net.
8:13 of 2nd period - Puck is out of play.
8:14 of 2nd period - Nathan Gerbe wins face-off versus Quinton Howden in Thunderbirds zone.
8:23 of 2nd period - Snap shot by Taylor Beck.
8:23 of 2nd period - Shot Misses the Net.
8:25 of 2nd period - Backhand shot by Dennis Everberg.
8:25 of 2nd period - Shot Misses the Net.
8:27 of 2nd period - Slapshot by Taylor Beck.
8:27 of 2nd period - Stopped by Carter Hutton without a rebound.
8:28 of 2nd period - Nathan Gerbe wins face-off versus Elias Lindholm in Thunderbirds zone.
8:43 of 2nd period - Snap shot by Elias Lindholm.
8:43 of 2nd period - Shot Misses the Net.
9:06 of 2nd period - Niklas Hansson is hit by Taylor Beck and loses puck.
9:49 of 2nd period - Slapshot by Juho Lammikko.
9:49 of 2nd period - Deflect By Mackenzie MacEachern.
9:49 of 2nd period - Stopped by Carter Hutton with a rebound.
9:51 of 2nd period - Slapshot by Dan Renouf.
9:51 of 2nd period - Shot Blocked by John Draeger.
9:53 of 2nd period - Snap shot by Juho Lammikko.
9:53 of 2nd period - Deflect By Kirill Kaprizov.
9:53 of 2nd period - Stopped by Carter Hutton without a rebound.
9:54 of 2nd period - Andrej Nestrasil wins face-off versus Quinton Howden in Thunderbirds zone.
10:09 of 2nd period - Snap shot by Andrej Nestrasil.
10:09 of 2nd period - Deflect By Joshua Leivo.
10:09 of 2nd period - Shot Blocked by Jake Walman.
10:09 of 2nd period - Puck is out of play.
10:10 of 2nd period - Elias Lindholm wins face-off versus Nicolas Petan in Thunderbirds zone.
10:12 of 2nd period - Penalty Shot by Tom Kuhnhackl for Thunderbirds.
10:12 of 2nd period - Deke by Tom Kuhnhackl.
10:12 of 2nd period - Shot Misses the Net.
10:13 of 2nd period - Dennis Everberg wins face-off versus Elias Lindholm in Thunderbirds zone.
10:15 of 2nd period - Wrist shot by Nathan Gerbe.
10:15 of 2nd period - Shot Blocked by Kirill Kaprizov.
10:17 of 2nd period - Minor Penalty to Niklas Hansson for High sticking.
10:18 of 2nd period - Quinton Howden wins face-off versus Nathan Gerbe in Thunderbirds zone.
11:07 of 2nd period - Slapshot by Juuso Riikola.
11:07 of 2nd period - Shot Misses the Net.
11:09 of 2nd period - Slapshot by Juuso Riikola.
11:09 of 2nd period - Shot Misses the Net.
11:11 of 2nd period - Snap shot by Phil Di Giuseppe.
11:11 of 2nd period - Deflect By Andrej Nestrasil.
11:11 of 2nd period - Stopped by Carter Hutton without a rebound.
11:12 of 2nd period - Nathan Gerbe wins face-off versus Quinton Howden in Thunderbirds zone.
11:13 of 2nd period - Snap shot by Taylor Beck.
11:13 of 2nd period - Stopped by Carter Hutton without a rebound.
11:14 of 2nd period - Quinton Howden wins face-off versus Taylor Beck in Thunderbirds zone.
11:27 of 2nd period - Slapshot by Dennis Everberg.
11:27 of 2nd period - Shot Blocked by Tom Kuhnhackl.
11:29 of 2nd period - Slapshot by Dan Renouf.
11:29 of 2nd period - Deflect By Dennis Everberg.
11:29 of 2nd period - Shot Misses the Net.
11:29 of 2nd period - Puck is out of play.
11:30 of 2nd period - Quinton Howden wins face-off versus Nathan Gerbe in Thunderbirds zone.
11:47 of 2nd period - Mitchell Heard is hit by Taylor Beck and loses puck.
12:17 of 2nd period - Penalty to Niklas Hansson is over, Niklas Hansson is back on ice.
12:49 of 2nd period - Slapshot by Phil Di Giuseppe.
12:49 of 2nd period - Stopped by Carter Hutton with a rebound.
12:51 of 2nd period - Snap shot by Phil Di Giuseppe.
12:51 of 2nd period - Shot Misses the Net.
12:53 of 2nd period - Slapshot by Patrick Wey.
12:53 of 2nd period - Stopped by Carter Hutton without a rebound.
12:54 of 2nd period - Nathan Gerbe wins face-off versus Mitchell Heard in Thunderbirds zone.
13:10 of 2nd period - Minor Penalty to Mitchell Heard for Hooking.
13:11 of 2nd period - Elias Lindholm wins face-off versus Nathan Gerbe in Thunderbirds zone.
15:10 of 2nd period - Penalty to Mitchell Heard is over, Mitchell Heard is back on ice.
15:26 of 2nd period - Backhand shot by Mackenzie MacEachern.
15:26 of 2nd period - Deflect By Nicolas Petan.
15:26 of 2nd period - Stopped by Carter Hutton with a rebound.
15:58 of 2nd period - Nicolas Petan is hit by Tom Kuhnhackl and loses puck.
16:09 of 2nd period - Dennis Everberg is hit by Valentin Zykov and loses puck.
16:39 of 2nd period - Slapshot by Michal Jordan.
16:39 of 2nd period - Deflect By Patrick Wey.
16:39 of 2nd period - Stopped by Thatcher Demko with a rebound.
16:41 of 2nd period - Wrist shot by Roberts Lipsbergs.
16:41 of 2nd period - Shot Misses the Net.
16:51 of 2nd period - Elias Lindholm is hit by Jordan Gross and loses puck.
17:08 of 2nd period - Snap shot by Mackenzie MacEachern.
17:08 of 2nd period - Stopped by Carter Hutton without a rebound.
17:09 of 2nd period - Quinton Howden wins face-off versus Nathan Gerbe in Thunderbirds zone.
17:16 of 2nd period - Wrist shot by Valentin Zykov.
17:16 of 2nd period - Shot Misses the Net.
17:18 of 2nd period - Wrist shot by Jerry D'Amigo.
17:18 of 2nd period - Stopped by Thatcher Demko with a rebound.
17:28 of 2nd period - John Draeger is hit by Andrej Nestrasil and loses puck.
17:47 of 2nd period - Snap shot by Kirill Kaprizov.
17:47 of 2nd period - Shot Misses the Net.
17:49 of 2nd period - Slapshot by Tom Kuhnhackl.
17:49 of 2nd period - Stopped by Thatcher Demko without a rebound.
17:50 of 2nd period - Elias Lindholm wins face-off versus Nicolas Petan in Comets zone.
18:01 of 2nd period - Snap shot by Nicolas Petan.
18:01 of 2nd period - Shot Misses the Net.
18:03 of 2nd period - Snap shot by Juuso Riikola.
18:03 of 2nd period - Stopped by Carter Hutton with a rebound.
18:05 of 2nd period - Wrist shot by Nicolas Petan.
18:05 of 2nd period - Shot Misses the Net.
18:21 of 2nd period - Wrist shot by Nathan Gerbe.
18:21 of 2nd period - Shot Misses the Net.
18:23 of 2nd period - Wrist shot by Dennis Everberg.
18:23 of 2nd period - Shot Blocked by Keaton Thompson.
18:25 of 2nd period - Wrist shot by Oliver Kylington.
18:25 of 2nd period - Stopped by Carter Hutton with a rebound.
18:35 of 2nd period - Slapshot by Oliver Kylington.
18:35 of 2nd period - Shot Misses the Net.
18:54 of 2nd period - Mitchell Heard is hit by Kurtis Macdermid and loses puck.
19:17 of 2nd period - Roberts Lipsbergs is hit by Joshua Leivo and loses puck.
19:55 of 2nd period - Snap shot by Valentin Zykov.
19:55 of 2nd period - Stopped by Thatcher Demko with a rebound.
19:57 of 2nd period - Snap shot by Valentin Zykov.
19:57 of 2nd period - Shot Blocked by Oliver Kylington.
19:59 of 2nd period - Snap shot by Jerry D'Amigo.
19:59 of 2nd period - Stopped by Thatcher Demko with a rebound.
Goals for this period are 0 for Comets vs 1 for Thunderbirds.
Shots for this period are 20 for Comets vs 11 for Thunderbirds.

3rd period


0:01 of 3rd period - Nathan Gerbe wins face-off versus Quinton Howden in neutral zone.
0:26 of 3rd period - Patrick Wey is hit by Griffin Reinhart and loses puck.
2:27 of 3rd period - Snap shot by Elias Lindholm.
2:27 of 3rd period - Shot Misses the Net.
3:26 of 3rd period - Icing by Andrej Nestrasil.
3:27 of 3rd period - Elias Lindholm wins face-off versus Andrej Nestrasil in Comets zone.
3:28 of 3rd period - Snap shot by Griffin Reinhart.
3:28 of 3rd period - Stopped by Thatcher Demko with a rebound.
3:56 of 3rd period - Snap shot by Mitchell Heard.
3:56 of 3rd period - Shot Blocked by William Lagesson.
3:58 of 3rd period - Slapshot by Griffin Reinhart.
3:58 of 3rd period - Stopped by Thatcher Demko without a rebound.
3:59 of 3rd period - Nathan Gerbe wins face-off versus Mitchell Heard in Comets zone.
4:29 of 3rd period - Slapshot by Nicolas Petan.
4:29 of 3rd period - Shot Misses the Net.
4:32 of 3rd period - Icing by Jerry D'Amigo.
4:33 of 3rd period - Quinton Howden wins face-off versus Nicolas Petan in Thunderbirds zone.
5:26 of 3rd period - Slapshot by Patrick Wey.
5:26 of 3rd period - Shot Misses the Net.
7:27 of 3rd period - Wrist shot by Michal Jordan.
7:27 of 3rd period - Shot Misses the Net.
7:31 of 3rd period - Snap shot by Tom Kuhnhackl.
7:31 of 3rd period - Shot Blocked by Tyler Graovac.
7:33 of 3rd period - Snap shot by Kirill Kaprizov.
7:33 of 3rd period - Shot Misses the Net.
7:35 of 3rd period - Wrist shot by Michal Jordan.
7:35 of 3rd period - Deflect By Tom Kuhnhackl.
7:35 of 3rd period - Shot Misses the Net.
7:35 of 3rd period - Puck is out of play.
7:36 of 3rd period - Quinton Howden wins face-off versus Nathan Gerbe in Comets zone.
7:43 of 3rd period - Wrist shot by Quinton Howden.
7:43 of 3rd period - Shot Blocked by Juuso Riikola.
7:45 of 3rd period - Slapshot by Jerry D'Amigo.
7:45 of 3rd period - Stopped by Thatcher Demko without a rebound.
7:46 of 3rd period - Quinton Howden wins face-off versus Nathan Gerbe in Comets zone.
7:47 of 3rd period - Snap shot by Jerry D'Amigo.
7:47 of 3rd period - Stopped by Thatcher Demko without a rebound.
7:48 of 3rd period - Quinton Howden wins face-off versus Nathan Gerbe in Comets zone.
7:52 of 3rd period - Wrist shot by Valentin Zykov.
7:52 of 3rd period - Stopped by Thatcher Demko without a rebound.
7:53 of 3rd period - Nathan Gerbe wins face-off versus Quinton Howden in Comets zone.
8:04 of 3rd period - Slapshot by Taylor Beck.
8:04 of 3rd period - Shot Blocked by Valentin Zykov.
8:26 of 3rd period - Slapshot by Michal Jordan.
8:26 of 3rd period - Shot Hit the Post.
8:28 of 3rd period - Slapshot by Michal Jordan.
8:28 of 3rd period - Stopped by Thatcher Demko without a rebound.
8:29 of 3rd period - Andrej Nestrasil wins face-off versus Quinton Howden in Comets zone.
9:01 of 3rd period - Wrist shot by Mackenzie MacEachern.
9:01 of 3rd period - Goal by Mackenzie MacEachern - Comets : 3 - Thunderbirds : 2.
9:02 of 3rd period - Elias Lindholm wins face-off versus Nathan Gerbe in neutral zone.
9:04 of 3rd period - Off-side.
9:05 of 3rd period - Nathan Gerbe wins face-off versus Elias Lindholm in neutral zone.
10:19 of 3rd period - Icing by Roberts Lipsbergs.
10:20 of 3rd period - Tanner Laczynski wins face-off versus Nathan Gerbe in Thunderbirds zone.
10:35 of 3rd period - Snap shot by Dennis Everberg.
10:35 of 3rd period - Stopped by Carter Hutton without a rebound.
10:36 of 3rd period - Andrej Nestrasil wins face-off versus Quinton Howden in Thunderbirds zone.
10:51 of 3rd period - Wrist shot by Valentin Zykov.
10:51 of 3rd period - Shot Blocked by Phil Di Giuseppe.
11:05 of 3rd period - Off-side.
11:06 of 3rd period - Elias Lindholm wins face-off versus Nathan Gerbe in neutral zone.
11:13 of 3rd period - Snap shot by Dennis Everberg.
11:13 of 3rd period - Deflect By Taylor Beck.
11:13 of 3rd period - Shot Misses the Net.
11:13 of 3rd period - Puck is out of play.
11:14 of 3rd period - Nathan Gerbe wins face-off versus Elias Lindholm in Thunderbirds zone.
11:46 of 3rd period - Off-side.
11:47 of 3rd period - Nathan Gerbe wins face-off versus Quinton Howden in neutral zone.
11:56 of 3rd period - Slapshot by Griffin Reinhart.
11:56 of 3rd period - Stopped by Thatcher Demko with a rebound.
12:14 of 3rd period - Tom Kuhnhackl is hit by Joshua Leivo and loses puck.
12:56 of 3rd period - Icing by Griffin Reinhart.
12:57 of 3rd period - Roberts Lipsbergs wins face-off versus Tyler Graovac in Thunderbirds zone.
13:06 of 3rd period - Dan Renouf is hit by Tanner Laczynski and loses puck.
13:25 of 3rd period - Slapshot by Niklas Hansson.
13:25 of 3rd period - Deflect By Nathan Gerbe.
13:25 of 3rd period - Stopped by Thatcher Demko without a rebound.
13:26 of 3rd period - Nathan Gerbe wins face-off versus Valentin Zykov in Comets zone.
13:34 of 3rd period - Icing by Patrick Wey.
13:35 of 3rd period - Quinton Howden wins face-off versus Nathan Gerbe in Comets zone.
14:08 of 3rd period - Snap shot by Andrej Nestrasil.
14:08 of 3rd period - Shot Misses the Net.
14:10 of 3rd period - Wrist shot by Joshua Leivo.
14:10 of 3rd period - Shot Misses the Net.
14:44 of 3rd period - Snap shot by Tanner Laczynski.
14:44 of 3rd period - Stopped by Thatcher Demko with a rebound.
14:46 of 3rd period - Snap shot by Roberts Lipsbergs.
14:46 of 3rd period - Stopped by Thatcher Demko without a rebound.
14:47 of 3rd period - Nathan Gerbe wins face-off versus Quinton Howden in Comets zone.
14:55 of 3rd period - Off-side.
14:56 of 3rd period - Nathan Gerbe wins face-off versus Quinton Howden in neutral zone.
15:33 of 3rd period - Wrist shot by Quinton Howden.
15:33 of 3rd period - Stopped by Thatcher Demko with a rebound.
15:35 of 3rd period - Slapshot by Niklas Hansson.
15:35 of 3rd period - Goal by Niklas Hansson - Comets : 3 - Thunderbirds : 3.
15:36 of 3rd period - Nicolas Petan wins face-off versus Mitchell Heard in neutral zone.
15:39 of 3rd period - Wrist shot by Patrick Wey.
15:39 of 3rd period - Shot Blocked by Michal Jordan.
16:03 of 3rd period - Valentin Zykov is hit by Phil Di Giuseppe.
16:13 of 3rd period - Slapshot by Valentin Zykov.
16:13 of 3rd period - Stopped by Thatcher Demko with a rebound.
16:32 of 3rd period - Snap shot by Dennis Everberg.
16:32 of 3rd period - Stopped by Carter Hutton with a rebound.
17:00 of 3rd period - Slapshot by Tyler Graovac.
17:00 of 3rd period - Shot Blocked by Niklas Hansson.
17:02 of 3rd period - Snap shot by Anton Zlobin.
17:02 of 3rd period - Shot Blocked by Roberts Lipsbergs.
17:04 of 3rd period - Wrist shot by Dan Renouf.
17:04 of 3rd period - Stopped by Carter Hutton with a rebound.
17:42 of 3rd period - Snap shot by Kirill Kaprizov.
17:42 of 3rd period - Deflect By Tom Kuhnhackl.
17:42 of 3rd period - Stopped by Thatcher Demko without a rebound.
17:43 of 3rd period - Taylor Beck wins face-off versus Quinton Howden in Comets zone.
18:03 of 3rd period - Minor Penalty to Taylor Beck for Hooking.
18:04 of 3rd period - Quinton Howden wins face-off versus Rasmus Asplund in Comets zone.
18:49 of 3rd period - Niklas Hansson is hit by Anton Karlsson and loses puck.
Goals for this period are 1 for Comets vs 1 for Thunderbirds.
Shots for this period are 4 for Comets vs 14 for Thunderbirds.

Overtime #1


0:01 of 1st overtime period - Quinton Howden wins face-off versus Rasmus Asplund in neutral zone.
0:03 of 1st overtime period - Penalty to Taylor Beck is over, Taylor Beck is back on ice.
0:16 of 1st overtime period - Snap shot by Valentin Zykov.
0:16 of 1st overtime period - Shot Blocked by Patrick Wey.
0:49 of 1st overtime period - Michal Jordan is hit by Juho Lammikko.
1:04 of 1st overtime period - Minor Penalty to William Lagesson for Holding.
1:05 of 1st overtime period - Quinton Howden wins face-off versus Taylor Beck in Comets zone.
1:10 of 1st overtime period - Wrist shot by Jerry D'Amigo.
1:10 of 1st overtime period - Shot Hit the Post.
1:12 of 1st overtime period - Wrist shot by Valentin Zykov.
1:12 of 1st overtime period - Stopped by Thatcher Demko without a rebound.
1:13 of 1st overtime period - Taylor Beck wins face-off versus Quinton Howden in Comets zone.
1:27 of 1st overtime period - Snap shot by Jerry D'Amigo.
1:27 of 1st overtime period - Stopped by Thatcher Demko with a rebound.
1:36 of 1st overtime period - Snap shot by Valentin Zykov.
1:36 of 1st overtime period - Stopped by Thatcher Demko without a rebound.
1:37 of 1st overtime period - Taylor Beck wins face-off versus Kirill Kaprizov in Comets zone.
2:10 of 1st overtime period - Snap shot by Valentin Zykov.
2:10 of 1st overtime period - Stopped by Thatcher Demko with a rebound.
3:04 of 1st overtime period - Penalty to William Lagesson is over, William Lagesson is back on ice.
3:27 of 1st overtime period - Icing by Niklas Hansson.
3:28 of 1st overtime period - Andrej Nestrasil wins face-off versus Mitchell Heard in Thunderbirds zone.
3:41 of 1st overtime period - Wrist shot by Joshua Leivo.
3:41 of 1st overtime period - Goal by Joshua Leivo - Comets : 4 - Thunderbirds : 3.
Goals for this period are 1 for Comets vs 0 for Thunderbirds.
Shots for this period are 1 for Comets vs 4 for Thunderbirds.